 Dungeon Crawl Stone Soup version 0.27-a0-1136-g0b992a5a9d (webtiles) character file.

Game seed: 3350107172785589143

410 reriks the Conjurer (level 6, 0/32 HPs)
             Began as a Deep Elf Conjurer on May 5, 2021.
             Shot with an arrow by a centaur (9 damage)
             ... on level 5 of the Dungeon.
             The game lasted 00:05:56 (6144 turns).

reriks the Conjurer (Deep Elf Conjurer)             Turns: 6144, Time: 00:05:57

Health: 0/32       AC:  2    Str:  4    XL:     6   Next: 58%
Magic:  16/16      EV: 13    Int: 25    God:
Gold:   160        SH:  0    Dex: 13    Spells: 8/15 levels left

rFire    . . .     SeeInvis .   q - +1 short sword (speed)
rCold    . . .     Faith    .   (no shield)
rNeg     . . .     Spirit   .   a - +0 robe
rPois    .         Reflect  .   (no helmet)
rElec    .         Harm     .   (no cloak)
rCorr    .         Rampage  .   (no gloves)
Will     .....                  (no boots)
Stlth    +++.......             n - amulet of regeneration
HPRegen  1.10/turn              (no ring)
MPRegen  0.15/turn              (no ring)

@: no status effects
A: no striking features
a: no special abilities


You were on level 5 of the Dungeon.
You visited 1 branch of the dungeon, and saw 5 of its levels.

You collected 160 gold pieces.

Inventory:

Hand Weapons
 c - a +0 short sword
 q - a +1 short sword of speed (weapon)
Armour
 a - a +0 robe (worn)
Magical Staves
 r - a staff of air
Jewellery
 n - an amulet of regeneration (around neck)
Wands
 p - a wand of iceblast (7)
 u - a wand of mindburst (5)
Scrolls
 b - 3 scrolls of noise {unknown}
 d - 2 scrolls of enchant weapon {unknown}
 e - 2 scrolls of immolation {unknown}
 g - 10 scrolls of identify {unknown}
 i - 2 scrolls of blinking {unknown}
 j - a scroll of amnesia {unknown}
 o - a scroll of teleportation {unknown}
 s - 2 scrolls of enchant armour {unknown}
Potions
 f - a potion of berserk rage {unknown}
 h - a potion of lignification {unknown}
 k - a potion of brilliance {unknown}
 l - 5 potions of haste {unknown}
 m - 3 potions of curing {unknown}
 t - a potion of might {unknown}


   Skills:
 + Level 4.7 Dodging
 + Level 5.0 Stealth
 + Level 5.4 Spellcasting
 + Level 5.7 Conjurations


You had 8 spell levels left.
You knew the following spells:

 Your Spells              Type           Power      Damage    Failure   Level
a - Magic Dart            Conj           100%       1d8       1%          1
b - Searing Ray           Conj           70%        3d5       1%          2
c - Iskenderun's Mystic   Conj/Tloc      21%        2d6       24%         4

Your spell library contained the following spells:

 Spells                   Type           Power      Damage    Failure   Level
 Dazzling Flash           Conj/Hex       42%        N/A       7%          3
 Fulminant Prism          Conj/Hex       10%        3d9       24%         4


Dungeon Overview and Level Annotations

Branches:
Dungeon (5/15)
 Temple: D:4-7

Altars:
Yredelemnul
Beogh

Shops:
D:1 (

Annotations:
D:5 Duvessa, Menkaure


Message History

Level annotation: Duvessa An adder, a centaur and Menkaure come into view.
Found 29 bolts, a scroll labelled ROONYOTINN and 18 gold pieces.
There is a stone staircase leading up here.
Aiming: Iceblast
Press: ? - help, Shift-Dir - straight line The mass of ice explodes!
The iceblast engulfs Menkaure!
Menkaure partially resists.
Menkaure is heavily damaged.
Menkaure shouts!
The iceblast engulfs the centaur!
The centaur is severely wounded.
The centaur shouts!
The adder hisses angrily.
You hear a shout! x2
An adder comes into view.
The centaur wields a +2 vorpal shortbow.
The centaur shoots an arrow.
The arrow hits you!
The adder hisses angrily.
You don't have any such object.
Evoke which item? (* to show all) (? for menu, Esc to quit)
You don't have any such object.
Evoke which item? (* to show all) (? for menu, Esc to quit)
Okay, then.
Aiming: Mindburst
Press: ? - help, Shift-Dir - straight line, f - adder
Aim: an adder (chance to affect: 73%)
Okay, then.
Aiming: Iceblast
Press: ? - help, Shift-Dir - straight line The mass of ice explodes!
The iceblast engulfs Menkaure!
Menkaure partially resists.
Menkaure is almost destroyed.
The iceblast engulfs the centaur.
The centaur is almost dead.
You hear an angry hiss.
You hear a shout!
The centaur shoots an arrow.
The arrow barely misses you.
A jelly comes into view.
The centaur shoots an arrow.
The arrow hits you.
* * * LOW HITPOINT WARNING * * *
The centaur shoots an arrow.
The arrow hits you!
You die...

# . #. .. #.
.?.##.#####
...J......##
.......S...##
.......@....#
............#
.(.S........#
..M...........#
.............##
..c........#.#
...$...........
###...........#


You could see Menkaure, a centaur, a jelly and 2 adders.

Vanquished Creatures
  A water moccasin skeleton (D:4)
  A jelly (D:4)
  4 orc priests (D:4)
  An iguana (D:3)
  4 gnolls (D:4)
  4 adders
  5 dart slugs
  10 orcs
  6 bats
  6 endoplasms
  4 giant cockroaches
  7 goblins
  9 hobgoblins
  4 jackals (D:1)
  8 kobolds
  A quokka (D:4)
  2 ball pythons
  6 frilled lizards
  10 rats
93 creatures vanquished.

Notes
Turn   | Place    | Note
-------+----------+-------------------------------------------
     0 | D:1      | reriks the Deep Elf Conjurer began the quest for the Orb.
     0 | D:1      | Reached XP level 1. HP: 10/10 MP: 6/6
    79 | D:1      | Found Utwuni's Weapon Shop.
   154 | D:1      | Reached XP level 2. HP: 15/15 MP: 4/8
  1145 | D:1      | Found a faded altar of an unknown god.
  1452 | D:1      | Reached XP level 3. HP: 19/19 MP: 3/10
  3302 | D:3      | Reached XP level 4. HP: 24/24 MP: 10/12
  3765 | D:3      | Reached skill level 5 in Conjurations
  4324 | D:4      | Reached XP level 5. HP: 28/28 MP: 5/13
  5301 | D:4      | Reached skill level 5 in Spellcasting
  5306 | D:4      | Reached XP level 6. HP: 32/32 MP: 9/15
  5691 | D:4      | Learned a level 2 spell: Searing Ray
  5696 | D:4      | Learned a level 4 spell: Iskenderun's Mystic Blast
  5773 | D:4      | Found a basalt altar of Yredelemnul.
  5808 | D:4      | Reached skill level 5 in Stealth
  6084 | D:5      | Entered Level 5 of the Dungeon
  6087 | D:5      | Noticed Duvessa
  6141 | D:5      | Noticed Menkaure
  6144 | D:5      | Shot with an arrow by a centaur

Illustrated notes

Levels and vault maps discovered:
D:1:      scummos_arrival_hexagon, layout_rooms,
          shapermc_ecumenical_altar_mp_urbaneastern, serial_co_window_serial,
          co_window_corner_a, co_window_corner_a, co_window_corner_a,
          co_window_paths_b, co_window_cross_1, co_window_corner_cb,
          co_window_of_opportunity_c, co_window_broadway_b,
          co_window_unsneaky_path_b, co_window_of_opportunity_b,
          glass_columns_b, glass_columns_a, glass_columns_a, glass_columns_b,
          serial_shops, shop
D:2:      layout_loops_cross, minmay_heptomino_o4
D:3:      layout_loops_ring
D:4:      layout_loops_corners, lemuel_doored_altar, kennysheep_orc_chapel
D:5:      layout_rooms, grunt_temple_overflow_open, kennysheep_slug_shrine,
          uniq_ijyb, uniq_crazy_yiuf_cottage, uniq_pikel, uniq_duvessa,
          uniq_menkaure

Skill      XL: |  1  2  3  4  5  6 |
---------------+-------------------+-----
Stealth        | 3 4 5 |  5.0
Dodging        | 3 4 |  4.7
Spellcasting   | 4 5 |  5.4
Conjurations   | 5 |  5.7

Action                   |  1- 3 |  4- 6 || total
-------------------------+-------+-------++-------
 Cast: Magic Dart        |    91 |   107 ||   198
Evoke: Wand              |       |    10 ||    10
Armor: Robe              |     3 |     1 ||     4
Dodge: Dodged            |     1 |    10 ||    11

Table legend: (Time is in decaauts)
 A = Elapsed time spent in this place.
 B = Non-inter-level travel time spent in this place.
 C = Inter-level travel time spent in this place.
 D = Time resting spent in this place.
 E = Time spent auto-exploring this place.
 F = Levels seen in this place.
 G = Mean time per level.
                   A        B        C        D        E       F      G
               +--------+--------+--------+--------+--------+-----+--------+
         Total |   6145 |   5900 |    245 |   2665 |   2750 |   5 | 1229.0 |
       Dungeon |   6145 |   5900 |    245 |   2665 |   2750 |   5 | 1229.0 |
               +--------+--------+--------+--------+--------+-----+--------+

Top non-repeatable levels by time:
     D:4: 1897 daAuts
     D:1: 1802 daAuts
     D:2: 1362 daAuts
     D:3: 1068 daAuts
     D:5: 14 daAuts
